 Dungeon Crawl Stone Soup version 0.31.0-9-g3a7656b989 (webtiles) character file.

Game seed: 14466482928593395059

66 qw the Shooter (level 3, -2/20 HPs)
             Began as a Deep Elf Hunter on Feb 2, 2024.
             Slain by a gnoll
             ... wielding a +0 spear
              (7 damage)
             ... on level 3 of the Dungeon.
             The game lasted 00:00:06 (1714 turns).

qw the Shooter (Deep Elf Hunter)                    Turns: 1714, Time: 00:00:06

Health: -2/20      AC:  7    Str: 10    XL:     3   Next: 96%
Magic:  5/5        EV: 11    Int: 13    God:
Gold:   143        SH:  0    Dex: 18    Spells: 2/2 levels left

rFire   . . .        a - +0 shortbow
rCold   . . .        (shield currently unavailable)
rNeg    . . .        g - +0 ring mail
rPois   .            f - +0 helmet
rElec   .            (no cloak)
rCorr   .            h - +0 pair of gloves
SInv    .            (no boots)
Will    .....        (no amulet)
Stlth   +            (no ring)
HPRegen 0.23/turn    (no ring)
MPRegen 0.09/turn

%: no passive effects
@: no status effects
A: no striking features
a: no special abilities


You were on level 3 of the Dungeon.
You visited 1 branch of the dungeon, and saw 3 of its levels.

You collected 143 gold pieces.


   Skills:
 - Level 1.5 Fighting
 + Level 7.4 Ranged Weapons
 - Level 2.4 Dodging
 - Level 1.2 Stealth


You had 2 spell levels left.
You didn't know any spells.
Your spell library was empty.

Inventory:

Hand Weapons
 a - a +0 shortbow (weapon)
Armour
 f - a +0 helmet (worn)
 g - a +0 ring mail (worn)
 h - a +0 pair of gloves (worn)
Wands
 b - a wand of paralysis (7)
Potions
 c - a potion of berserk rage {unknown}
 d - a potion of resistance
 e - a potion of mutation {unknown}
 i - a potion of haste {unknown}
 j - a potion of ambrosia {unknown}
 k - a potion of might
 l - a potion of heal wounds {unknown}
 m - 4 potions of curing {unknown}
 n - a potion of enlightenment {unknown}

Dungeon Overview and Level Annotations

Branches:
Dungeon (3/15)

Altars:

Shops:
D:3 (=


Message History

You shoot an arrow. The gnoll shouts!
The arrow hits the gnoll but does no damage.
You shoot an arrow. The arrow barely misses the gnoll.
You shoot an arrow. The arrow hits the gnoll.
The gnoll is lightly wounded.
A gnoll comes into view.
It is wielding a +0 flail and quivering 2 throwing nets.
Enter note:
Enter note:
Enter note: You shoot an arrow.
The arrow closely misses the gnoll.
The gnoll shouts!
You shoot an arrow. The arrow hits the gnoll!
The gnoll is heavily wounded.
You shoot an arrow. The arrow hits the gnoll!
You kill the gnoll!
The gnoll throws a throwing net.
The throwing net barely misses you.
You shoot an arrow.
The arrow hits the gnoll but does no damage.
The gnoll barely misses you.
You shoot an arrow. The arrow closely misses the gnoll.
The gnoll hits you from afar with a +0 spear.
You shoot an arrow. The arrow hits the gnoll.
The gnoll is heavily wounded.
The gnoll hits you from afar with a +0 spear.
You shoot an arrow. The arrow hits the gnoll.
The gnoll is moderately wounded.
The gnoll barely misses you. x2
You shoot an arrow. The arrow hits the gnoll.
The gnoll is moderately wounded.
The gnoll barely misses you. x2
You shoot an arrow. The arrow hits the gnoll!
The gnoll is almost dead.
The gnoll hits you from afar with a +0 spear.
The gnoll hits you with a +0 flail. The gnoll barely misses you.
The gnoll hits you from afar with a +0 spear!
You shoot an arrow. The arrow hits the gnoll.
You kill the gnoll!
The gnoll hits you from afar with a +0 spear!
You die...

#######..........
#............###.
#............#...
#................
#......<.#.......
#........#....... .
#........#.......
....####.(........####..
......)@..........# #..
.....g............####..
..)..................#..
.%#.......##.........#..
. #.......##.........#..
#.......##.........#..
.....######.........#..
....# #............
..............


You could see a gnoll.

Vanquished Creatures
  2 gnolls (D:3)
  A ribbon worm (D:3)
  2 dart slugs
  2 orcs (D:3)
  3 endoplasms
  A giant cockroach (D:2)
  3 goblins
  5 hobgoblins
  5 jackals
  2 quokkas
  2 ball pythons (D:2)
  2 bats (D:1)
  4 frilled lizards
  4 kobolds (D:1)
  8 rats
46 creatures vanquished.

Notes
Turn   | Place    | Note
-------+----------+-------------------------------------------
     0 | D:1      | qw the Deep Elf Hunter began the quest for the Orb.
     0 | D:1      | Reached XP level 1. HP: 12/12 MP: 3/3
     0 | D:1      | 0 ||| qw: Version: 0.3-a-155-g5e7d8dd
     0 | D:1      | 0 ||| qw: Game counter: 825
     0 | D:1      | 0 ||| qw: Melee chars always use a shield: true
     0 | D:1      | 0 ||| qw: God list: Okawaru
     0 | D:1      | 0 ||| qw: Allow faded altars: false
     0 | D:1      | 0 ||| qw: Do Orc after clearing Dungeon:15 true
     0 | D:1      | 0 ||| qw: Do second Lair branch before Depths: true
     0 | D:1      | 0 ||| qw: Lair rune preference: random
     0 | D:1      | 0 ||| qw: Goals: Normal
     0 | D:1      | 0 ||| PLANNING D:1-11
    66 | D:1      | Reached XP level 2. HP: 13/16 MP: 4/4
    67 | D:1      | Reached skill level 6 in Ranged Weapons
   611 | D:1      | 611 ||| UPGRADING to +0 helmet.
   616 | D:1      | 616 ||| UPGRADING to +0 ring mail.
   626 | D:1      | 626 ||| DROPPING +0 leather armour.
   627 | D:1      | 627 ||| UPGRADING to +0 pair of gloves.
   632 | D:1      | 632 ||| READING scroll labelled SICSEC MIASH.
   632 | D:1      | 632 ||| IDENTIFYING cyan potion
   633 | D:1      | 633 ||| READING scroll labelled KOQAWUST ASIUKH.
   634 | D:1      | 634 ||| DROPPING scroll of butterflies.
   840 | D:2      | Reached XP level 3. HP: 20/20 MP: 5/5
  1433 | D:2      | 1433 ||| DRINKING 2 metallic red potions.
  1490 | D:3      | Found Bytiefi's Weapon Shop.
  1501 | D:3      | Found Kemyeru's Jewellery Emporium.
  1509 | D:3      | 1509 ||| SHOPLISTING +4 ring of protection (504 gold, have
                  | 94).
  1509 | D:3      | 1509 ||| SHOPLISTING ring of Peace {rPois Slay+5} (672
                  | gold, have 94).
  1509 | D:3      | 1509 ||| SHOPLISTING ring of ice (350 gold, have 94).
  1509 | D:3      | 1509 ||| SHOPLISTING ring of protection from fire (350
                  | gold, have 94).
  1509 | D:3      | 1509 ||| SHOPLISTING ring of willpower (350 gold, have 94).
  1561 | D:3      | Reached skill level 7 in Ranged Weapons
  1713 | D:3      | HP: 5/20 [gnoll/+0 spear (7)]
  1714 | D:3      | Slain by a gnoll

Levels and vault maps discovered:
D:1:      tarquinn_simple_flora_water_d, layout_loops_ring
D:2:      layout_basic
D:3:      layout_basic, serial_shops, shop, shop,
          nicolae_shop_tiny_statue_garden, shop, nicolae_shop_back_alley_shop,
          minmay_fractal_squares_gapless_5

Skill      XL: |  1  2  3 |
---------------+----------+-----
Ranged Weapons | 6 7 |  7.4
Fighting       | |  1.5
Dodging        | |  2.4
Stealth        | |  1.2

Action                     || total
---------------------------++-------
   Fire: Shortbow          ||   135
    Use: Scroll            ||     2
         Potion            ||     1
 Armour: Leather armour    ||     5
         Ring mail         ||     9
  Dodge: Dodged            ||    20

Table legend:
 A = Non-vault XP
 B = Vault XP
 C = Vault XP percentage of total XP
 D = Non-vault monster count
 E = Vault monster count
 F = Vault count percentage of total count
                 A         B        C        D         E       F
            +---------+---------+-------+---------+---------+-------
      Total |     104 |       5 |   4.6 |      43 |       3 |   6.5
            +---------+---------+-------+---------+---------+-------
        D:1 |      32 |       0 |   0.0 |      19 |       0 |   0.0
        D:2 |      24 |       0 |   0.0 |      14 |       0 |   0.0
        D:3 |      48 |       5 |   9.4 |      10 |       3 |  23.1
            +---------+---------+-------+---------+---------+-------
